 Dungeon Crawl Stone Soup version 0.32-a0-20-ge526923d97 (webtiles) character file.

Game seed: 4001704219730308025

268069 Implojin the Fencer (level 18, -3/160 HPs)
             Began as a Demigod Wanderer on Jan 18, 2024.
             Slain by Mennas
             ... wielding a +1 trishula of holy wrath
              (27 damage)
             ... on level 3 of the Vaults.
             The game lasted 02:32:33 (52843 turns).

Implojin the Fencer (Demigod Wanderer)             Turns: 52843, Time: 02:32:33

Health: -3/160     AC: 25    Str: 18    XL:     18   Next: 66%
Magic:  32/32      EV: 26    Int: 12    God:
Gold:   2383       SH:  0    Dex: 36    Spells: 18/19 levels left

rFire   + . .        c - +2 great sword (freeze)
rCold   + . .        (shield currently unavailable)
rNeg    + . .        E - +0 chain mail of Divine Compulsion {Will++ Regen+ MP+9 Int-4}
rPois   .            g - +2 helmet
rElec   .            v - +2 cloak
rCorr   .            F - +2 pair of gloves
SInv    .            u - +2 pair of boots {rampage}
Will    +++..        w - amulet "Zogisong" {RegenMP +Blink rC+ rN+ Slay+2}
Stlth   +            I - +6 ring of dexterity
HPRegen 1.26/turn    y - ring of protection from fire
MPRegen 0.63/turn

%: rampage
@: mighty, hasted, glowing, studying Axes, silenced, very quick
A: high MP 1, forlorn, divine attributes
}: 2/15 runes: serpentine, barnacled
a: Evoke Blink


You were on level 3 of the Vaults.
You visited 6 branches of the dungeon, and saw 33 of its levels.

You collected 3473 gold pieces.
You spent 1090 gold pieces at shops.

Inventory:

Hand Weapons
 c - a +2 great sword of freezing (weapon)
 J - a +0 triple sword
Missiles
 a - 3 poisoned darts (quivered)
 b - 10 javelins
 i - a curare-tipped dart
 l - 9 silver javelins
 L - 4 datura-tipped darts
 U - 17 boomerangs
 Y - 3 atropa-tipped darts
Armour
 g - a +2 helmet (worn)
 h - a +1 kite shield of poison resistance
 p - a +0 kite shield of protection
 u - a +2 pair of boots of rampaging (worn)
 v - a +2 cloak (worn)
 E - the +0 chain mail of Divine Compulsion (worn) {Will++ Regen+ MP+9 Int-4}
   (You found it on level 2 of the Snake Pit)

   Int-4:     It affects your intelligence (-4).
   Will++:    It greatly increases your willpower.
   MP+9:      It affects your magic capacity (+9).
   Regen+:    It increases your rate of health regeneration.
 F - a +2 pair of gloves (worn)
 Q - +0 acid dragon scales
 Z - +0 fire dragon scales
Jewellery
 e - a ring of protection from cold
 j - a ring of willpower
 o - a +4 ring of slaying
 w - the amulet "Zogisong" (around neck) {RegenMP +Blink rC+ rN+ Slay+2}
   (You found it on level 14 of the Dungeon)

   [amulet of magic regeneration]

   RegenMP:   It increases your rate of magic regeneration.
   Slay+2:    It affects your accuracy & damage with ranged weapons and melee
   (+2).
   rC+:       It protects you from cold.
   rN+:       It protects you from negative energy.
   +Blink:    It lets you blink.
 x - a ring of see invisible
 y - a ring of protection from fire (right hand)
 I - a +6 ring of dexterity (left hand)
 M - a ring of flight
 W - a ring of poison resistance
Wands
 N - a wand of digging (6)
Scrolls
 f - 2 scrolls of enchant armour
 m - a scroll of immolation
 q - 10 scrolls of teleportation
 s - 9 scrolls of identify
 t - a scroll of revelation
 A - 8 scrolls of enchant weapon
 B - 2 scrolls of blinking
 C - 4 scrolls of fog
 D - a scroll of brand weapon
 H - a scroll of fear
 R - a scroll of vulnerability
Potions
 d - 3 potions of attraction
 n - 4 potions of ambrosia
 G - 3 potions of mutation
 K - a potion of cancellation
 S - 4 potions of enlightenment
 T - 2 potions of resistance
 V - 3 potions of magic
 X - 7 potions of curing
Miscellaneous
 r - a condenser vane (inert)


   Skills:
 - Level 14.0 Fighting
 - Level 5.7(13.8) Short Blades
 * Level 19.2(19.5) Long Blades
 - Level 8.0 Throwing
 - Level 10.0 Armour
 - Level 18.4 Dodging
 - Level 8.0 Stealth
 - Level 1.7 Shields
 - Level 1.0 Spellcasting
 - Level 5.0 Conjurations
 - Level 6.0 Evocations


You had 18 spell levels left.
You knew the following spells:

 Your Spells              Type           Power      Damage    Failure   Level
a - Magic Dart            Conj           48%        1d5       26%         1

Your spell library contained the following spells:

 Spells                   Type           Power      Damage    Failure   Level
 Shock                    Conj/Air       24%        1d4       56%         1
 Apportation              Tloc           0%         N/A       89%         1
 Dazzling Flash           Conj/Hex       12%        N/A       91%         3
 Blink                    Tloc           0%         N/A       96%         2
 Call Imp                 Summ           0%         N/A       96%         2
 Jinxbite                 Hex            0%         N/A       96%         2
 Lesser Beckoning         Tloc           0%         N/A       96%         2
 Mercury Vapours          Alch/Air       0%         N/A       96%         2
 Sublimation of Blood     Necr           0%         N/A       96%         2
 Mephitic Cloud           Conj/Alch/Air  4%         N/A       97%         3
 Frozen Ramparts          Ice            0%         1d1       99%         3
 Gell's Gravitas          Tloc           0%         N/A       99%         3
 Ozocubu's Armour         Ice            0%         N/A       99%         3
 Passwall                 Erth           0%         N/A       99%         3
 Teleport Other           Tloc           0%         N/A       99%         3
 Volatile Blastmotes      Fire/Tloc      0%         2d10      99%         3
 Animate Dead             Necr           0%         N/A       100%        4
 Flame Wave               Conj/Fire      6%         2d5       100%        4
 Leda's Liquefaction      Alch/Erth      0%         N/A       100%        4
 Manifold Assault         Tloc           0%         N/A       100%        4
 Petrify                  Alch/Erth      0%         N/A       100%        4
 Vhi's Electric Charge    Tloc/Air       0%         N/A       100%        4
 Alistair's Intoxication  Alch           0%         N/A       100%        5
 Arcjolt                  Conj/Air       3%         1d13      100%        5
 Borgnjor's Vile Clutch   Necr/Erth      0%         N/A       100%        5
 Freezing Cloud           Conj/Ice/Air   2%         6-21      100%        5
 Irradiate                Conj/Alch      3%         3d12      100%        5
 Metabolic Englaciation   Hex/Ice        0%         N/A       100%        5
 Bombard                  Conj/Erth      3%         9d1       100%        6
 Death Channel            Necr           0%         N/A       100%        6
 Dispersal                Tloc           0%         N/A       100%        6
 Sculpt Simulacrum        Ice/Alch       0%         N/A       100%        6
 Starburst                Conj/Fire      3%         6d3       100%        6
 Disjunction              Tloc           0%         N/A       100%        8
 Maxwell's Capacitive Co  Air            0%         ∞         100%        8


Dungeon Overview and Level Annotations

Branches:
Dungeon (15/15)            Temple (0/1) D:6            Lair (5/5) D:11
 Shoals (4/4) Lair:2        Snake (4/4) Lair:3        Slime (0/5) Lair:4
    Orc (2/2) D:11            Elf (0/3) Orc:2        Vaults (3/5) D:14
 Depths (0/4) D:15
  Crypt: Vaults:2-3

Shops:
D:10 *(   Orc:1 :   Orc:2 ([?   Shoals:1 (!=   Snake:2 !   Snake:4 :[?=

Portals:
Trove: D:12 (give 14 scrolls of teleportation)

Annotations:
Vaults:3 Mennas


Innate Abilities, Weirdness & Mutations

You have an increased reservoir of magic. (+10% MP)
You shall have no god before yourself.
Your divine heritage dramatically boosts your attributes as you level up.


Message History

Mennas hits you with a +1 trishula of holy wrath!!
Mennas hits you but does no damage. The slime creature misses you.
Two slime creatures merge to form a large slime creature.
Mennas hits you with a +1 trishula of holy wrath!
Mennas barely misses you.
Danger: Low HP Warning |T2| Reason: 49% HP (79/160) Mennas blocks your attack.
Mennas is severely wounded.
The slime creature hits you! Mennas misses you.
Mennas hits you with a +1 trishula of holy wrath!
Danger: Low HP Warning |T3| Reason: 38% HP (62/160)
You feel yourself speed up.
The large slime creature closely misses you.
Two slime creatures merge to form a very large slime creature.
Mennas completely misses you.
Mennas hits you with a +1 trishula of holy wrath.
The slime creature barely misses you.
Danger: Low HP Warning |T3| Reason: 37% HP (60/160)
You feel much better.
Mennas hits you with a +1 trishula of holy wrath.
Mennas hits you but does no damage.
Unknown command.
Unknown command.
Mennas blocks your attack.
Mennas is severely wounded.
The slime creature hits you!
Mennas hits you with a +1 trishula of holy wrath!!
Mennas hits you but does no damage.
Danger: Low HP Warning |T3| Reason: 33% HP (54/160)
You feel very mighty all of a sudden.
The very large slime creature hits you!!
Mennas hits you but does no damage. x2; The slime creature hits you!
Danger: Low HP Warning |T3| Reason: 6% HP (10/160) Unknown command.
You feel much better. Mennas barely misses you. Mennas completely misses you.
The very large slime creature hits you!
Unknown command.
The slime creature completely misses you.
Mennas hits you from afar with a +1 trishula of holy wrath!!
You die...

#.......# #.......#
####### #.......# .......
#########'#########.......
............).....'.......
......†...........'.......
.......)†.......JA#.......
................J.#....J..
................@.#.......
..................#.......
..................#.......
..................#.......
###################.......


You could see Mennas (silencing), a very large slime creature and a slime
creature.

Vanquished Creatures
  Frederick (Vaults:2)
  Sojobo (Vaults:2)
  A quicksilver dragon (Snake:4)
  A titan (Shoals:4)
  2 tengu reavers (Vaults:2)
  Aizul (Vaults:2)
  2 nagarajas (Snake:4)
  7 vault wardens
  A fire giant (Vaults:2)
  An orc warlord (Vaults:2)
  8 ironbound preservers
  2 formless jellyfish
  3 ironbound thunderhulks
  Nessos (D:13)
  A war gargoyle (Vaults:3)
  A deep elf annihilator (Vaults:3)
  8 dire elephants (Vaults:1)
  The ghost of Sirjeffry24 the Severer, a journeyman HOFi of Beogh (D:11)
  6 merfolk impalers
  6 merfolk javelineers
  2 entropy weavers
  A crystal guardian (Vaults:3)
  An entropy weaver (shapeshifter) (D:15)
  3 yaktaur captains
  Fannar (Lair:2)
  5 salamander tyrants (Snake:4)
  14 vault guards
  4 great orbs of eyes
  5 hydras
  5 ogre magi
  2 catoblepae
  4 ironbound frosthearts
  2 rakshasas (D:15)
  2 peacekeepers
  7 centaur warriors
  14 two-headed ogres
  An alligator snapping turtle (Shoals:2)
  5 merfolk aquamancers
  4 anacondas
  6 boulder beetles
  10 death yaks
  5 tengu warriors
  3 satyrs
  3 orc high priests (Orc:2)
  6 naga sharpshooters
  13 naga warriors
  Nergalle (Lair:2)
  8 shock serpents
  A titan zombie (Vaults:1)
  6 skysharks
  2 salamander mystics
  4 skeletal warriors (D:15)
  A titan skeleton (Vaults:1)
  10 sea snakes
  18 deep trolls
  5 mana vipers
  2 arcanists
  2 naga ritualists
  2 phantasmal warriors (Vaults:1)
  16 ironbound convokers
  A lindwurm (shapeshifter) (Vaults:1)
  4 harpies
  4 lindwurms
  A deep elf pyromancer (D:14)
  7 orc knights
  7 orc sorcerers
  3 necromancers
  11 salamanders
  17 ugly things
  A human zombie (Vaults:1)
  13 fauns
  The ghost of Newt the Changeling, a novice OpSh (D:6)
  A moth of wrath (D:11)
  A salamander (shapeshifter) (D:13)
  6 cyclopes
  9 manticores
  A meliai (shapeshifter) (D:14)
  6 meliai
  7 merfolk sirens
  10 vault sentinels
  5 water nymphs
  28 black mambas
  2 kobold blastminers (Orc:2)
  14 elephants
  7 guardian serpents
  3 centaur skeletons (D:15)
  10 naga magi
  12 cane toads
  A torpor snail (Lair:5)
  5 yaktaurs (Vaults:1)
  Maggie (Lair:1)
  8 komodo dragons
  5 rime drakes
  An elf zombie (Vaults:1)
  4 tengu conjurers
  A kobold demonologist (D:12)
  4 harpy zombies (Shoals:3)
  A queen bee (D:14)
  3 trolls
  8 polar bears
  A yaktaur skeleton (Vaults:1)
  10 hornets
  5 wind drakes
  16 merfolk
  A hornet (shapeshifter) (D:13)
  17 blink frogs
  7 dream sheep (Lair:5)
  5 snapping turtles
  27 slime creatures
  2 vampires
  14 spriggans (Lair:5)
  5 wyverns
  25 water elementals
  3 wraiths
  3 shadows
  6 air elementals (Shoals:4)
  9 wargs
  3 basilisks
  30 yaks
  2 vampire mosquitoes (D:13)
  20 nagas
  An elf skeleton (Vaults:1)
  A steam dragon (Lair:4)
  2 acid dragons
  16 water moccasins
  10 orc warriors
  A sky beast (D:8)
  7 black bears
  A manticore zombie (Shoals:3)
  An ice beast (D:6)
  2 laughing skulls (D:14)
  7 ogres
  8 boggarts
  46 wolves
  19 centaurs
  A kobold brigand (D:9)
  Blork the orc (D:6)
  A phantom (D:6)
  4 scorpions
  14 bullfrogs
  11 wights
  A ballistomycete (D:8)
  21 killer bees
  A howler monkey (D:6)
  5 electric eels
  4 jellies
  3 quasits (D:6)
  3 hounds
  3 bombardier beetles
  A gnoll bouda (D:7)
  15 orc priests
  A sleepcap (D:6)
  2 iguanas (D:5)
  Ijyb (D:3)
  24 orc wizards
  2 hell rats (Lair:5)
  5 adders
  8 gnolls (D:7)
  A river rat (D:6)
  A white imp (D:7)
  3 ufetubi
  A dart slug (D:3)
  46 orcs
  7 ball pythons
  7 bats
  9 endoplasms
  3 giant cockroaches
  6 goblins
  6 hobgoblins
  4 jackals (D:1)
  12 kobolds
  2 quokkas
  3 frilled lizards (D:3)
  4 rats
  A butterfly (Lair:3)
1076 creatures vanquished.

Vanquished Creatures (collateral kills)
  A merfolk aquamancer (Shoals:4)
  2 death yaks (Lair:5)
  2 dream sheep (Lair:5)
  A yak (Lair:5)
  3 hell rats (Lair:5)
9 creatures vanquished.

Vanquished Creatures (others)
  A hydra (Lair:5)
  An acid dragon (D:11)
  A howler monkey (D:13)
  An orc wizard (D:6)
  An orc (D:11)
5 creatures vanquished.

Grand Total: 1090 creatures vanquished

Notes
Turn   | Place    | Note
-------+----------+-------------------------------------------
     0 | D:1      | Implojin the Demigod Wanderer began the quest for the Orb.
     0 | D:1      | Implojin set off with the following items: a +0 dagger, a
                  | +0 buckler, a +0 robe, 2 potions of attraction; and the
                  | following spells available to memorise: Magic Dart, Shock,
                  | Flame Wave.
     0 | D:1      | Reached XP level 1. HP: 14/14 MP: 4/4
     3 | D:1      | Learned a level 1 spell: Magic Dart
   209 | D:1      | Reached skill level 1 in Fighting
   308 | D:1      | Reached skill level 1 in Short Blades
   491 | D:1      | Reached XP level 2. HP: 23/23 MP: 3/5
  1198 | D:2      | Reached XP level 3. HP: 26/28 MP: 1/6
  2012 | D:2      | Reached skill level 5 in Conjurations
  2382 | D:3      | Noticed Ijyb
  2385 | D:3      | Killed Ijyb
  2386 | D:3      | Reached XP level 4. HP: 19/36 MP: 8/8
  2690 | D:3      | Reached skill level 1 in Evocations
  3114 | D:4      | Noticed a black bear
  3114 | D:4      | Noticed a black bear
  3122 | D:4      | Killed a black bear
  3123 | D:4      | Reached XP level 5. HP: 41/41 MP: 9/9
  3124 | D:4      | Killed a black bear
  3644 | D:5      | Entered Level 5 of the Dungeon
  3652 | D:5      | Reached XP level 6. HP: 37/48 MP: 10/10
  3817 | D:5      | Noticed a water moccasin
  3835 | D:5      | Reached skill level 5 in Evocations
  3836 | D:5      | Killed a water moccasin
  4286 | D:5      | Reached XP level 7. HP: 49/55 MP: 8/11
  5362 | D:6      | Found a staircase to the Ecumenical Temple.
  5709 | D:6      | Found a transporter.
  5709 | D:6      | Noticed Newt's ghost (novice OpSh)
  5743 | D:6      | Reached skill level 1 in Dodging
  5759 | D:6      | Reached XP level 8. HP: 35/66 MP: 12/12
  5948 | D:6      | Found a transporter.
  6494 | D:6      | Reached skill level 5 in Dodging
  6664 | D:6      | Noticed Blork the orc
  6676 | D:6      | Killed Blork the orc
  6731 | D:6      | Found a runed translucent door.
  6732 | D:6      | Noticed Crazy Yiuf
  6760 | D:6      | Crazy Yiuf changed into Crazy Yiuf the river rat
  6760 | D:6      | Noticed Crazy Yiuf
  6768 | D:6      | Killed Crazy Yiuf the river rat
  6921 | D:7      | Noticed a hornet
  6933 | D:7      | Killed a hornet
  6934 | D:7      | Reached skill level 5 in Fighting
  7010 | D:7      | Reached XP level 9. HP: 46/74 MP: 13/13
  8968 | D:8      | Noticed a boulder beetle
  8984 | D:8      | Killed a boulder beetle
  9417 | D:8      | Reached XP level 10. HP: 80/83 MP: 14/14
  9819 | D:9      | Noticed a cyclops
  9873 | D:9      | Reached skill level 10 in Dodging
  9930 | D:9      | Noticed a two-headed ogre
 10257 | D:9      | Killed a two-headed ogre
 11005 | D:10     | Entered Level 10 of the Dungeon
 11018 | D:10     | Noticed a two-headed ogre
 11364 | D:10     | Found Peadgh's Changing Room.
 11463 | D:10     | Killed a two-headed ogre
 11647 | D:10     | Found a large runed translucent door.
 11647 | D:10     | Found a large runed translucent door.
 11658 | D:10     | Noticed a cyclops
 11666 | D:10     | Noticed a centaur warrior
 11673 | D:10     | Noticed a two-headed ogre
 12006 | D:10     | Found Kikhiteo's Weapon Shoppe.
 12170 | D:11     | Found a transporter.
 12172 | D:11     | Found a transporter.
 12270 | D:11     | Noticed a moth of wrath
 12271 | D:11     | Noticed a tengu warrior
 12271 | D:11     | Noticed a two-headed ogre
 12286 | D:11     | Noticed Sirjeffry24's ghost (journeyman HOFi)
 12289 | D:11     | Noticed a two-headed ogre
 12307 | D:11     | Reached skill level 5 in Stealth
 12705 | D:11     | Noticed an orc knight
 12706 | D:11     | Noticed a cyclops
 12790 | D:11     | a cyclops changed into a polar bear
 12816 | D:11     | Reached skill level 5 in Short Blades
 13437 | D:10     | Killed an orc knight
 13625 | D:10     | Reached skill level 1 in Long Blades
 13721 | D:11     | Found a staircase to the Lair.
 13910 | D:11     | Reached skill level 2 in Long Blades
 13919 | D:11     | Reached XP level 11. HP: 62/90 MP: 15/15
 13926 | D:11     | Reached skill level 3 in Long Blades
 14096 | D:11     | Noticed a boulder beetle
 14117 | D:11     | Killed a boulder beetle
 14118 | D:11     | Reached skill level 4 in Long Blades
 14414 | D:11     | Found a staircase to the Orcish Mines.
 14473 | D:11     | Reached skill level 5 in Long Blades
 14962 | D:6      | Killed Newt's ghost
 15131 | Lair:1   | Entered Level 1 of the Lair of Beasts
 15163 | Lair:1   | Reached skill level 6 in Long Blades
 15388 | Lair:1   | Reached skill level 7 in Long Blades
 15411 | Lair:1   | Noticed Maggie
 15578 | Lair:1   | Killed Maggie
 15674 | Lair:1   | Reached skill level 8 in Long Blades
 16182 | Lair:1   | Reached skill level 9 in Long Blades
 16449 | Lair:1   | Noticed a catoblepas
 16471 | Lair:1   | Killed a catoblepas
 16890 | Lair:2   | Found a transporter.
 16890 | Lair:2   | Found a transporter.
 16890 | Lair:2   | Noticed a boulder beetle
 16890 | Lair:2   | Noticed a boulder beetle
 16902 | Lair:2   | Killed a boulder beetle
 16907 | Lair:2   | Killed a boulder beetle
 16972 | Lair:2   | Reached XP level 12. HP: 61/100 MP: 16/16
 16979 | Lair:2   | Reached skill level 10 in Long Blades
 17361 | Lair:2   | Noticed Fannar
 17376 | Lair:2   | Killed Fannar
 17396 | Lair:2   | Noticed Nergalle
 17497 | Lair:2   | Reached skill level 11 in Long Blades
 18141 | Lair:2   | Found a staircase to the Shoals.
 18156 | Lair:1   | Reached skill level 12 in Long Blades
 18321 | Lair:2   | You fall into a shaft and drop 2 floors!
 19051 | Lair:2   | Killed Nergalle
 19058 | Lair:2   | Reached skill level 13 in Long Blades
 19112 | Lair:2   | Noticed a seven-headed hydra
 19523 | Lair:3   | Noticed a six-headed hydra
 20100 | Lair:3   | Reached XP level 13. HP: 105/105 MP: 17/17
 20153 | Lair:3   | Reached skill level 5 in Throwing
 20729 | Lair:3   | Found a staircase to the Snake Pit.
 21763 | Lair:4   | Found a staircase to the Slime Pits.
 22513 | Lair:5   | Entered Level 5 of the Lair of Beasts
 24012 | Lair:5   | Reached skill level 10 in Fighting
 24200 | Lair:5   | Reached XP level 14. HP: 111/121 MP: 19/19
 24258 | Lair:5   | Reached skill level 5 in Armour
 26117 | D:10     | Identified the +0 scale mail "Sithro" {rN+++ Str+5 Int-5}
 26356 | D:11     | Killed Sirjeffry24's ghost
 26682 | D:12     | Found a portal to a secret trove of treasure.
 28271 | D:13     | Noticed Nessos
 28296 | D:14     | Found a gate to the Vaults.
 29404 | D:14     | Identified the amulet "Zogisong" {RegenMP +Blink rC+ rN+
                  | Slay+2}
 29869 | D:14     | Reached XP level 15. HP: 126/126 MP: 20/20
 30031 | D:13     | Killed Nessos
 31011 | D:15     | Entered Level 15 of the Dungeon
 31609 | D:15     | Reached skill level 14 in Long Blades
 32699 | D:15     | Reached skill level 15 in Long Blades
 32710 | D:15     | Found a staircase to the Depths.
 32935 | Orc:1    | Entered Level 1 of the Orcish Mines
 33495 | Orc:1    | :what the fuck even is this paralyse trap vault
 33516 | Orc:1    | Found Ilaan's Book Shop.
 33603 | Orc:1    | Paralysed by something for 5 turns
 33985 | Orc:2    | Entered Level 2 of the Orcish Mines
 34054 | Orc:2    | Found a staircase to the Elven Halls.
 34778 | Orc:2    | Reached skill level 16 in Long Blades
 35054 | Orc:2    | Found Neorufryh's Armour Emporium.
 35054 | Orc:2    | Found Tiuc's Antique Weapon Emporium.
 35055 | Orc:2    | Found Xuillik's Antique Weapon Boutique.
 35055 | Orc:2    | Found Soril's Magic Scroll Boutique.
 35155 | Orc:2    | Found a staircase to the Elven Halls.
 35332 | Orc:2    | Found Tiuc's Antique Weapon Emporium.
 35337 | Orc:2    | Found Soril's Magic Scroll Boutique.
 35346 | Orc:2    | Found Neorufryh's Armour Emporium.
 35669 | Orc:2    | Bought a scroll of enchant armour for 97 gold pieces
 35669 | Orc:2    | Bought a scroll of fog for 52 gold pieces
 35829 | Snake:1  | Entered Level 1 of the Snake Pit
 37325 | Snake:1  | Reached XP level 16. HP: 118/134 MP: 21/21
 37733 | Snake:2  | Identified the +7 trident "Sikles" {freeze, rN++ Str+2}
 37927 | Snake:2  | Found Ininn's Distillery.
 37937 | Snake:2  | Identified the +0 chain mail of Divine Compulsion {Will++
                  | Regen+ MP+9 Int-4}
 38087 | Snake:2  | Bought a potion of haste for 150 gold pieces
 38087 | Snake:2  | Bought a potion of ambrosia for 120 gold pieces
 38087 | Snake:2  | Bought a potion of might for 60 gold pieces
 38087 | Snake:2  | Bought a potion of enlightenment for 75 gold pieces
 39384 | Snake:3  | Reached skill level 10 in Armour
 40071 | Snake:3  | Identified the +6 falchion "Raimaeq" {venom, rF++ Will-
                  | Int+2 Dex+5}
 40685 | Snake:4  | Entered Level 4 of the Snake Pit
 40689 | Snake:4  | Found Laddargh's Magic Scroll Emporium.
 40697 | Snake:4  | Bought a scroll of teleportation for 48 gold pieces
 40697 | Snake:4  | Bought a scroll of enchant armour for 120 gold pieces
 40697 | Snake:4  | Bought a scroll of fear for 64 gold pieces
 40697 | Snake:4  | Bought a scroll of blinking for 120 gold pieces
 40697 | Snake:4  | Bought a scroll of fog for 64 gold pieces
 40697 | Snake:4  | Bought a scroll of enchant weapon for 120 gold pieces
 40905 | Snake:4  | Found Ygepaefo's Jewellery Emporium.
 40920 | Snake:4  | Identified a scroll of acquirement
 40921 | Snake:4  | Acquired a manual of Dodging
 41377 | Snake:4  | Found Rianakeu's Antique Armour Emporium.
 41426 | Snake:4  | Found Jioth's Book Emporium.
 41496 | Snake:4  | Got the Precepts of the Terrestrial Catacomb
 41659 | Snake:4  | Reached skill level 15 in Dodging
 42115 | Snake:4  | Noticed a quicksilver dragon
 42122 | Snake:4  | Killed a quicksilver dragon
 42290 | Snake:4  | Got a serpentine rune of Zot
 42423 | Snake:4  | Found Laddargh's Magic Scroll Emporium.
 42485 | Snake:4  | Found Ygepaefo's Jewellery Emporium.
 42655 | Snake:4  | Found Rianakeu's Antique Armour Emporium.
 43018 | Snake:4  | Found Jioth's Book Emporium.
 43348 | Shoals:1 | Entered Level 1 of the Shoals
 43490 | Shoals:1 | Found Niunn's Distillery.
 43493 | Shoals:1 | Found Ziguigg's Antique Weapon Shop.
 43835 | Shoals:1 | Found Oreruiv's Jewellery Shoppe.
 44298 | Shoals:2 | Reached skill level 17 in Long Blades
 44525 | Shoals:2 | Reached XP level 17. HP: 137/140 MP: 22/22
 44595 | Shoals:2 | Identified the +4 falchion "Dugeam Hazeh" {venom, Stlth+}
 45932 | Shoals:4 | Entered Level 4 of the Shoals
 46126 | Shoals:4 | Paralysed by an air elemental for 1 turns
 46322 | Shoals:4 | Paralysed by an air elemental for 1 turns
 46744 | Shoals:4 | Paralysed by an air elemental for 1 turns
 47036 | Shoals:4 | Paralysed by an air elemental for 1 turns
 47096 | Shoals:4 | Noticed a titan
 47112 | Shoals:4 | Killed a titan
 47179 | Shoals:4 | Got a barnacled rune of Zot
 47959 | Vaults:1 | Entered Level 1 of the Vaults
 49773 | Vaults:1 | Paralysed by a formless jellyfish for 1 turns
 50020 | Vaults:1 | Reached XP level 18. HP: 145/157 MP: 23/23
 50415 | Vaults:2 | Identified the serpent talisman "Fothrarr" {*Slow rN+
                  | Str+5}
 50415 | Vaults:2 | Noticed Aizul
 50431 | Vaults:2 | Killed Aizul
 50966 | Vaults:2 | Identified the orb of Incorporation {*channel, rF+}
 50966 | Vaults:2 | Noticed Frederick
 50984 | Vaults:2 | Killed Frederick
 51200 | Vaults:2 | Noticed Sojobo
 51232 | Vaults:2 | Killed Sojobo
 51358 | Vaults:2 | Reached skill level 18 in Long Blades
 52098 | Vaults:3 | Noticed Mennas
 52566 | Vaults:3 | Reached skill level 19 in Long Blades
 52843 | Vaults:3 | Slain by Mennas

Illustrated notes

..#...##.............
#..#...#.............
$O#...#............. #
#..#..#............. #.
#..#..'....^........
.O#..#..#.............
#. #...#.............
#.o#...#.............
#.@.##.............
#.y.#..............
.O..##..............
#########..............
##......................
#.......................
##.###......#...........
### #####.##...........
#####................


Turn 33495 on Orc:1: :what the fuck even is this paralyse trap vault

Levels and vault maps discovered:
D:1:      lemuel_arrival_hallway, layout_basic,
          dreamdust_ecumenical_altar_angels_and_demons
D:2:      layout_loops_ring, chequers_hall_statues_corner_a
D:3:      layout_rooms, uniq_ijyb
D:4:      layout_loops_ring, mainiacjoe_overflow_surrounded_room,
          trog_ov_bears_minmay
D:5:      layout_basic
D:6:      layout_loops_corners, minmay_temple_entry_sparse_star,
          gammafunk_ghost_stat_death, minmay_manual_monstrance,
          uniq_crazy_yiuf_cottage, uniq_blork_the_orc
D:7:      layout_basic, grunt_ministairs_12
D:8:      layout_basic, lemuel_doored_altar, minmay_misc_feat_four_crosses
D:9:      layout_roguey, nicolae_overflow_squiral, minmay_variable_closet
D:10:     okawaru_arena_lexackson, layout_small_grid, kiku_gazebo_pond_becter,
          lemuel_round_altar, serial_shops, nicolae_shop_rolling_square,
          nicolae_transmutations_shop
D:11:     layout_roguey, lair_entry_dummy, orc_0_dummy,
          gammafunk_ghost_wrathful_warriors, serial_curves, eino_curves_01,
          eino_curves_03, eino_curves_03, eino_curves_01
D:12:     layout_irregular_city, trove_entry_hex_spiral
D:13:     layout_big_octagon, grunt_dithmenos_smoke, uniq_nessos
D:14:     layout_gridville, erik_vaults_2, fedhas_altar_2, special_room
          [special_room_bee], minmay_misc_feat_cross
D:15:     grunt_enter_depths_magical_seal, layout_loops_ring,
          okawaru_gym_becter, minmay_misc_feat_alley,
          nicolae_vehumet_altar_sigil
Lair:1:   layout_roguey, grunt_megastairs_2, lemuel_fruit_tree, uniq_maggie
Lair:2:   gammafunk_boulding_lane, layout_concentric_octagons,
          nicolae_shoals_entry_roost, basic_altar,
          chequers_serial_rivers_small_b, st_stairs_7, minmay_shattered_shrine,
          uniq_fannar, uniq_nergalle
Lair:3:   layout_long_grid, nicolae_snake_entry_squirm, patterned_corridor,
          lemuel_fruit_fields
Lair:4:   layout_long_grid, slime_entry_2
Lair:5:   minmay_lair_end_enchanted_forest, layout_cave_pods, serial_bayou,
          serial_bayou_ford_a, serial_bayou_crossing, serial_bayou_shore_b,
          serial_bayou_shore_b, infiniplex_staircase_pool_2
Shoals:1: layout_shoals, serial_shops, shop, shop, nicolae_shop_waterfront
Shoals:2: layout_shoals, nicolae_shoals_elemental_ambush
Shoals:3: layout_shoals, nicolae_shoals_undead_eyrie
Shoals:4: shoals_end_hellmonk_storm_palace [storm_palace_center_ruins,
          storm_palace_corner_grid, storm_palace_corner_pillars,
          storm_palace_corner_grid, storm_palace_corner_grid]
Snake:1:  layout_onion_interference
Snake:2:  layout_misc_corridors, minmay_shop_grid_forest,
          nicolae_snake_gridmaze_squiggle, serial_bayou_shore_a
Snake:3:  layout_honeycomb
Snake:4:  hellmonk_snake_rune_quicksilver_temple, layout_basic, serial_shops,
          nicolae_shop_crystal, shop, nicolae_shop_stone,
          nicolae_book_shop_shelving
Orc:1:    hellmonk_paralyzer, layout_caves, serial_shops,
          nicolae_shop_real_fake_doors
Orc:2:    st_orc_elflike, layout_diamond_mine, special_room, basic_altar
Vaults:1: v_pattern_3, nicolae_vaults_doubleplus_tesselated,
          nicolae_vaults_alarming, nicolae_vaults_thirteen_compartments,
          vaults_dpeg_emergency_exit, nicolae_vaults_network_square,
          layout_vaults_chaotic_city
Vaults:2: nicolae_vaults_wrenched, hangedman_vaults_cutoff, v_misc_5,
          nicolae_vaults_storage_room_statues, nicolae_vaults_tetromino_L_1,
          serial_ice_g, nicolae_vaults_mini_display_case,
          layout_vaults_omnigrid, uniq_aizul, uniq_sojobo, uniq_frederick
Vaults:3: minmay_crypt_entry_necro_gods, nicolae_vaults_closet_pinwheel_3,
          v_misc_15, vaults_room_fancy_cross, ontoclasm_vaults_twist,
          nicolae_vaults_fighting_squares, vaults_room_fours,
          nicolae_vaults_closet_pinwheel_2, nicolae_vaults_shelves_hall,
          v_misc_13, layout_vaults_omnibox, uniq_mennas

Skill      XL: |  1  2  3  4  5  6  7  8  9 10 11 12 13 14 15 16 17 18 |
---------------+-------------------------------------------------------+-----
Fighting       | 1 2 4 5 6 7 10 13 14 | 14.0
Short Blades   | 1 2 4 5 |  5.7
Conjurations   | 5 |  5.0
Evocations     | 3 4 5 6 |  6.0
Dodging        | 2 6 9 10 13 14 18 | 18.4
Stealth        | 5 8 |  8.0
Throwing       | 3 4 8 |  8.0
Long Blades    | 2 9 13 16 17 19 | 19.2
Armour         | 4 7 10 | 10.0
Shields        | |  1.7
Spellcasting   | |  1.0

Action                     |  1- 3 |  4- 6 |  7- 9 | 10-12 | 13-15 | 16-18 || total
---------------------------+-------+-------+-------+-------+-------+-------++-------
  Melee: Dagger            |    22 |    42 |   427 |   284 |       |       ||   775
         Short sword       |       |       |       |    14 |       |       ||    14
         Great sword       |       |       |       |   467 |  1123 |  1579 ||  3169
  Throw: Dart              |       |     6 |    20 |   129 |   115 |     6 ||   276
         Boomerang         |       |       |       |       |    74 |    67 ||   141
         Javelin           |       |       |       |       |    11 |       ||    11
   Cast: Magic Dart        |    72 |    49 |    36 |       |       |       ||   157
  Evoke: Wand              |     3 |     5 |    38 |    13 |    41 |    15 ||   115
         Condenser vane    |       |       |       |       |       |     5 ||     5
    Use: Scroll            |     1 |     1 |     5 |    21 |    24 |    10 ||    62
         Potion            |       |       |     1 |     8 |     3 |    16 ||    28
   Stab: Sleeping          |     1 |       |     2 |     5 |    13 |     5 ||    26
         Invisible         |       |       |       |    10 |     4 |    21 ||    35
         Distracted        |       |       |       |     1 |     4 |     6 ||    11
         Betrayed ally     |       |       |       |       |     1 |     1 ||     2
         Fleeing           |       |       |       |       |     1 |     1 ||     2
         Confused          |       |       |       |       |       |     1 ||     1
 Armour: Robe              |     2 |       |       |       |       |       ||     2
         Leather armour    |     8 |       |    54 |   240 |       |       ||   302
         Ring mail         |     3 |    42 |   134 |       |       |       ||   179
         Acid dragon scale |       |       |       |   180 |   571 |       ||   751
         Skin              |       |       |       |     3 |       |       ||     3
         Chain mail        |       |       |       |       |    77 |   897 ||   974
  Dodge: Dodged            |    12 |    15 |   179 |   964 |  1443 |  1335 ||  3948
  Block: Buckler           |     3 |     7 |    85 |    82 |       |       ||   177

Table legend: (Time is in decaauts)
 A = Elapsed time spent in this place.
 B = Non-inter-level travel time spent in this place.
 C = Inter-level travel time spent in this place.
 D = Time resting spent in this place.
 E = Time spent auto-exploring this place.
 F = Levels seen in this place.
 G = Mean time per level.
                   A        B        C        D        E       F      G
               +--------+--------+--------+--------+--------+-----+--------+
         Total |  52899 |  49967 |   2932 |   7353 |  30057 |  33 | 1603.0 |
       Dungeon |  22417 |  21077 |   1340 |   2530 |  13914 |  15 | 1494.5 |
          Lair |  11345 |  10563 |    782 |   2454 |   5406 |   5 | 2269.0 |
        Shoals |   4712 |   4507 |    205 |    380 |   2284 |   4 | 1178.0 |
     Snake Pit |   7137 |   6883 |    254 |   1183 |   4282 |   4 | 1784.2 |
  Orcish Mines |   2749 |   2597 |    152 |    467 |   1455 |   2 | 1374.5 |
        Vaults |   4537 |   4341 |    196 |    337 |   2714 |   3 | 1512.3 |
               +--------+--------+--------+--------+--------+-----+--------+

Top non-repeatable levels by time:
  Lair:5: 3195 daAuts
  Lair:2: 3047 daAuts
    D:11: 2441 daAuts
 Snake:4: 2371 daAuts
  Lair:1: 2149 daAuts
    D:14: 2143 daAuts
    D:10: 2069 daAuts
  Lair:3: 2061 daAuts
Vaults:2: 2007 daAuts
Vaults:1: 1879 daAuts
     D:6: 1849 daAuts
Shoals:4: 1829 daAuts
    D:15: 1826 daAuts
 Snake:1: 1757 daAuts
    D:12: 1629 daAuts
